Cogmind - Beta 13 @@@ ROGUE MODE // 2024.03.24 @ 06:21:41 Player: f_ Result: Destroyed by G-47 Trooper with Particle Gun Performance ------------- Evolutions (0) 0 Regions Visited (2) 400 Robots Destroyed (22) 110 Value Destroyed (428) 428 Prototype IDs (2) 40 Alien Tech Used (0) 0 Bonus (0) 0 TOTAL SCORE: 978 Bonus ------- None Cogmind --------- Core Integrity 0/250 Matter 290/300 Energy 240/250 System Corruption 0% Temperature Warm (190) Movement Rolling (95) Ox1 Location -10/Mines Parts ------- > --- POWER (1) -------- Ion Engine > --- PROPULSION (2) --- Wheel > --- UTILITY (2) ------ Medium Storage Unit Transport Network Coupler > --- WEAPON (2) ------- Particle Gun > --- INVENTORY (10) --- Ion Engine Wheel Heat Sink Sensor Array Light Assault Rifle Datajack Datajack Peak State ------------ > --- POWER ------------ Ion Engine > --- PROPULSION ------- Wheel Compact Wheel > --- UTILITY ---------- Medium Storage Unit Transport Network Coupler > --- WEAPON ----------- Particle Gun Particle Gun > --- INVENTORY -------- Ion Engine Wheel Heat Sink Sensor Array Medium Laser Light Assault Rifle Datajack [Rating: 9] Favorites ----------- Power Ion Engine Engine Ion Engine Propulsion Wheel Wheel Wheel Utility Transport Network Coupler Storage Medium Storage Unit Processor Transport Network Coupler Weapon Medium Laser Energy Gun Medium Laser Build | -11 -10 -10 ------- Run | Yrd Mat Min Slots Evolved . | . . . Power . | . . . Propulsion . | . . . Utility . | . . . Weapon . | . . . Parts Attached 17 | 6 10 1 Power 2 | 1 1 . Engine 2 | 1 1 . Core . | . . . Reactor . | . . . Propulsion 4 | 2 2 . Treads . | . . . Leg . | . . . Wheel 4 | 2 2 . Hover . | . . . Flight . | . . . Utility 3 | 1 2 . Device . | . . . Storage 2 | 1 1 . Processor 1 | . 1 . Hackware . | . . . Protection . | . . . Artifact . | . . . Weapon 8 | 2 5 1 Energy Gun 8 | 2 5 1 Energy Cannon . | . . . Ballistic Gun . | . . . Ballistic Cannon . | . . . Launcher . | . . . Special Weapon . | . . . Impact Weapon . | . . . Slashing Weapon . | . . . Piercing Weapon . | . . . Special Melee Weapon . | . . . Unidentified Prototypes . | . . . Parts Lost 5 | . 2 3 Power 1 | . 1 . Propulsion 1 | . . 1 Utility . | . . . Weapon 3 | . 1 2 Highest Loss Streak 3 | . 1 3 To Critical Strikes . | . . . Average Slot Usage (%) 97 | . 97 100 Engine 13 | . 13 14 Wheel 28 | . 28 28 Storage 14 | . 14 14 Processor 13 | . 13 14 Energy Gun 26 | . 26 28 Naked Turns . | . . . Heaviest Build 21 | 13 21 . Greatest Support 26 | 26 26 . Greatest Overweight (x) . | . . . Average Overweight (x) . | . . . Largest Inventory Capacity 10 | 8 10 10 Average Capacity 9 | 6 9 10 Most Carried 8 | 5 8 8 Average Carried 4 | 2 4 7 Final Capacity 10 | 8 10 10 Final Carried 8 | 2 8 7 Class Distribution -------------------- 92% | Mutant 7% | Scavenger-Mutant Dominant Class ---------------- Mutant | -10/Materials Mutant | -10/Mines Resources | -11 -10 -10 ----------- Run | Yrd Mat Min Matter Collected 360 | 153 207 . Remotely . | . . . Salvage Created 621 | . 621 . Parts 43 | . 43 . Haulers Intercepted 1 | . 1 . Recyclers Shooed . | . . . Parts Field Recycled . | . . . Retrieved Matter . | . . . Parts Self-Destructed . | . . . Prevented . | . . . Kills | -11 -10 -10 ------- Run | Yrd Mat Min Combat Hostiles Destroyed 10 | . 10 . Guns 9 | . 9 . Classes Destroyed 8 | . 8 . Worker 1 | . 1 . Builder 4 | . 4 . Tunneler 1 | . 1 . Hauler 1 | . 1 . Operator 2 | . 2 . Watcher 3 | . 3 . Swarmer 2 | . 2 . Grunt 8 | . 8 . Best Kill Streak 4 | . 4 . Combat Bots Only 2 | . 2 . Max Kills in Single Turn 2 | . 2 . Gunslinging . | . . . Exploded . | . . . Melee . | . . . Uniques/NPCs Destroyed . | . . . Combat | -11 -10 -10 -------- Run | Yrd Mat Min Hostile Shots Fired 82 | . 71 11 Missed 16 | . 15 1 Damage Taken 796 | . 660 136 Core 251 | . 213 38 Absorbed by Shields . | . . . Core Remaining (%) 100 | 100 . . Volleys Fired 73 | . 70 3 Largest 2 | . 2 2 Hottest 130 | . 130 105 Shots Fired 134 | . 128 6 Gun 134 | . 128 6 Cannon . | . . . Launcher . | . . . Special . | . . . Kinetic . | . . . Thermal 118 | . 115 3 Explosive . | . . . Electromagnetic 16 | . 13 3 Robot Hit Streak 14 | . 14 3 Robot Miss Streak 5 | . 5 1 Penetration Max . | . . . Secondary Targets 1 | . 1 . Max Gunslinging Chain 1 | . 1 . Shots Hit Robots 89 | . 85 4 Core Hits 34 | . 33 1 Critical Kills . | . . . Critical Parts Destroyed . | . . . Critical Strikes 3 | . 3 . Burn 3 | . 3 . Melee Attacks . | . . . Impact . | . . . Slashing . | . . . Piercing . | . . . Sneak Attacks . | . . . Combat Hostiles . | . . . Follow-up Attacks . | . . . Damage Inflicted 1257 | . 1201 56 Guns 1198 | . 1142 56 Cannons . | . . . Explosions 59 | . 59 . Melee . | . . . Ramming . | . . . Kinetic . | . . . Thermal 1106 | . 1065 41 Explosive . | . . . Electromagnetic 151 | . 136 15 Impact . | . . . Slashing . | . . . Piercing . | . . . Highest Corruption . | . . . Average Corruption . | . . . Corruption Purged . | . . . Corruption Blocked . | . . . Overload Shots . | . . . Overflow Damage 2 | . 2 . Projectiles . | . . . Explosions 2 | . 2 . Melee . | . . . Knockbacks . | . . . Impact . | . . . Kinetic . | . . . Secondary . | . . . Self-Inflicted Damage 30 | . 30 . Shots 1 | . 1 . Rammed . | . . . Targets Rammed . | . . . Kicked . | . . . Crushed . | . . . Highest Temperature 351 | . 351 201 Average Temperature 103 | . 103 114 Received Heat Transfer 366 | . 291 75 Siege Activations . | . . . Robots Corrupted . | . . . Combat Hostiles . | . . . Parts Fried 1 | . 1 . Impact Corruptions . | . . . Robots Melted 2 | . 2 . Combat Hostiles 1 | . 1 . Parts Melted 5 | . 5 . Heat Transferred 3200 | . 3089 111 Parts Sabotaged . | . . . Parts Stolen . | . . . Parts Stripped . | . . . Power Chain Reactions 2 | . 2 . Alert | -11 -10 -10 ------- Run | Yrd Mat Min Peak Influence 325 | . 325 126 Initial 126 | . . 126 Average 107 | . 114 114 Maximum Alert Level 1 | . 1 . Low Security (%) 87 | 100 86 100 Level 1 12 | . 13 . Level 2 . | . . . Level 3 . | . . . Level 4 . | . . . Level 5 . | . . . High Security . | . . . Max Security . | . . . Squads Dispatched 5 | . 5 . Investigation 2 | . 2 . Extermination . | . . . Reinforcement 3 | . 3 . Assault . | . . . Garrison . | . . . Intercept . | . . . Searches Triggered . | . . . Construction Impeded . | . . . Haulers Reinforced . | . . . Active Scanning Responses . | . . . Cargo Convoy Interrupts . | . . . Stealth | -11 -10 -10 --------- Run | Yrd Mat Min Distress Signals 1 | . 1 . Communications Jammed . | . . . Distress Signals . | . . . Times Spotted 28 | . 26 2 Peak Tracking Total 6 | . 6 2 Tactical Retreats 2 | . 2 . Traps | -11 -10 -10 ------- Run | Yrd Mat Min Traps Triggered . | . . . Indirectly . | . . . Trap Hack Attempts . | . . . Triggered . | . . . Disarmed . | . . . Reprogrammed . | . . . Reused . | . . . Traps Extracted . | . . . Installed . | . . . Triggered . | . . . Machines | -11 -10 -10 ---------- Run | Yrd Mat Min Machines Disabled . | . . . Max in Single Turn . | . . . Machines Repaired . | . . . Machines Dismantled . | . . . Machines Sabotaged . | . . . Overloaded Fab Kills . | . . . Hacking | -11 -10 -10 --------- Run | Yrd Mat Min Machines Accessed 4 | . 4 . Terminals 2 | . 2 . Fabricators . | . . . Repair Stations . | . . . Recycling Units 2 | . 2 . Scanalyzers . | . . . Garrison Access . | . . . Total Hacks 16 | . 16 . Successful 6 | . 6 . Failed 10 | . 10 . Catastrophic 1 | . 1 . Database Lockouts . | . . . Manual . | . . . Terminals 6 | . 6 . Fabricators . | . . . Repair Stations . | . . . Recycling Units 10 | . 10 . Scanalyzers . | . . . Garrison Access . | . . . Terminal Hacks 1 | . 1 . Prototype ID Bank 1 | . 1 . Fabricator Hacks . | . . . Repair Station Hacks . | . . . Recycling Unit Hacks 5 | . 5 . Report Inventory 3 | . 3 . Retrieve Components 2 | . 2 . Scanalyzer . | . . . Garrison Access Hacks . | . . . Unauthorized Hacks . | . . . Terminals . | . . . Fabricators . | . . . Repair Stations . | . . . Recycling Units . | . . . Scanalyzers . | . . . Garrison Access . | . . . Data Cores Recovered . | . . . Used . | . . . Hacking Detections 4 | . 4 . Full Trace Events 3 | . 3 . Feedback Events . | . . . Feedback Blocked . | . . . Robot Schematics Acquired . | . . . Robots Built . | . . . Authchips . | . . . Time . | . . . Total Robot Build Rating . | . . . Part Schematics Acquired . | . . . Parts Built . | . . . Authchips . | . . . Time . | . . . Total Part Build Rating . | . . . Parts Repaired . | . . . Time . | . . . Parts Recycled . | . . . Recycled Matter . | . . . Retrieved Matter . | . . . Retrieved Components 12 | . 12 . Parts Scanalyzed . | . . . Part Schematics Acquired . | . . . Parts Damaged . | . . . Bothacking | -11 -10 -10 ------------ Run | Yrd Mat Min Used RIF Installer . | . . . Robots Hacked . | . . . Non-combat . | . . . Combat . | . . . Robot Hacks Applied . | . . . Relay Couplers Released . | . . . Fabnet Peak Effective % . | . . . Robots Rewired . | . . . Allies Hacked . | . . . Hacks Repelled . | . . . Allies | -11 -10 -10 -------- Run | Yrd Mat Min Total Allies . | . . . Largest Group . | . . . Highest-Rated Group . | . . . Highest-Rated Ally . | . . . Total Orders . | . . . Ally Attacks . | . . . Total Damage . | . . . Kills . | . . . Allies Corrupted . | . . . Allies Melted . | . . . Intel | -11 -10 -10 ------- Run | Yrd Mat Min Robot Analysis Total . | . . . Derelict Logs Recovered . | . . . Drone Launches . | . . . Drone Recoveries . | . . . Exploration | -11 -10 -10 ------------- Run | Yrd Mat Min Turns Passed 788 | 47 731 10 Spaces Moved 486 | 41 445 . Core 9 | 9 . . Treads . | . . . Legs . | . . . Wheels 477 | 32 445 . Hover . | . . . Flight . | . . . Fastest Speed 50 | 50 90 . Average Speed 89 | 81 90 . Slowest Speed 90 | 90 90 . Overloaded Moves . | . . . Propulsion Burnouts . | . . . Robots Hopped . | . . . Cave-ins Triggered . | . . . Exploration Rate (%) 23 | 3 66 2 Regions Visited 2 Branch Regions 1 Pre-discovered Areas . | . . . Known Exits Taken . | . . . Unknown Exits Taken 2 | 1 1 . Scrap Searched . | . . . Spaces Dug . | . . . Terrain Destroyed 8 | . 8 . Melee . | . . . Projectile . | . . . AOE 8 | . 8 . Terrain Rammed . | . . . Walls Destroyed . | . . . Machines Disabled . | . . . Actions | -11 -10 -10 --------- Run | Yrd Mat Min Total 704 | 54 646 4 Wait 103 | . 103 . Move 484 | 40 444 . Hop . | . . . Pick Up 22 | 8 14 . Fast Attach . | . . . Attach 10 | 6 3 1 Detach . | . . . Swap 7 | . 7 . Drop 5 | . 5 . Fire 73 | . 70 3 Melee . | . . . Ram . | . . . Kick . | . . . Crush . | . . . Escape Stasis . | . . . Rewire . | . . . Trap . | . . . Miscellaneous . | . . . Route ------- -11/Scrapyard -10/Materials (discovered 4 exits: [*Mat x2] / [*Min] / [*Sub]) -10/Mines History --------- Turn | Location | Event 4 | -11/Scrapyard | Discovered new exit (range 15) 48 | -11/Scrapyard | Entered Materials 171 | -10/Materials | Discovered new exit (range 8) 318 | -10/Materials | Build established: Mutant 343 | -10/Materials | Discovered new exit (range 10) 496 | -10/Materials | Core integrity fell below 50% 590 | -10/Materials | Discovered new exit (range 4) 714 | -10/Materials | Core integrity fell below 20% 744 | -10/Materials | Discovered new exit (range 16) 779 | -10/Materials | Entered Mines 780 | -10/Mines | Assembled infested the area 789 | -10/Mines | Destroyed by G-47 Trooper with Particle Gun Last Messages --------------- reinforcements to Terminal M004. 00736_ U-05 Engineer lays Concrete. 00742_ Connecting with Terminal... 00742_ ALERT: Suspicious activity at Terminal M005. Dispatching Investigation squad. 00744_ EXIT=FOUND 00754_ O-16 Technician destroyed. 00762_ Acquired Datajack. 00765_ Dropped Wheel. 00766_ U-05 Engineer destroyed. 00770_ U-05 Engineer builds a Door. 00772_ Acquired Wheel. LOCATION=UNKNOWN GOAL=ESCAPE Something is scanning the area. 00780_ ALERT: Infestation in the mines, dispatching Demolisher response squad. 00783_ Com. Wheel destroyed. 00785_ EM Pulse Gun destroyed. 00787_ Particle Gun destroyed. Map ----- +----------------------------------------------------+ | ?????????????????????????????? | | ?????????????????????????????? | | ?????????????????????????????? | | ?????????????????????????????? | | ?????????????????????????????? | | ?????????????????????????????? | | ?????????????????????????????? | | ?????????????????????????????? | | ?????????????????????????????? | | ?????????????????????????????? | | ?????????????????????????????? | | ?????????????????????????????? | | ?????????????????????????????? | | ?????????????????????????????? | | ?????????????????????????????? | | ?????????????????????????????? | | ?????????????????????????????? | | ?????????????????????????????? | | ?????????????????????????????? | | ?????????????????????????????? | | ?????????????????????????????? | | ?????????????????????#######?? | | ?????????????????????# #?? | | ?????????????????????# #?? | | ?????????????????????# #?? | | ?????????????????????# @ #?? | | ?????????????????????# #?? | | ?????????????????????# #?? | | ???????????????????? #?? | | ???????????????????### gg #?? | | ?????????????????????#######?? | | ?????????????????????????????? | | ?????????????????????????????? | | ?????????????????????????????? | | ?????????????????????????????? | | ?????????????????????????????? | | ?????????????????????????????? | | ?????????????????????????????? | | ?????????????????????????????? | | ?????????????????????????????? | | ?????????????????????????????? | | ?????????????????????????????? | | ?????????????????????????????? | | ?????????????????????????????? | | ?????????????????????????????? | | ?????????????????????????????? | | ?????????????????????????????? | | ?????????????????????????????? | | ?????????????????????????????? | | ?????????????????????????????? | +----------------------------------------------------+ Best States ------------- Heat Dissipation 25 Energy Generation 10 Energy Capacity 250 Matter Stores 300 Matter Capacity 300 Sight Range 16 Terrain Scan Density 10 Evasion (%) 42 Item Schematics ----------------- None Robot Schematics ------------------ None Fabricated ------------ Nothing Alien Tech Used ----------------- None Achievements -------------- None Challenges ------------ None Game ------ Seed ReinforcedReflectiveAutobeam Manual? 0 Play Time 00:10:07 Cumulative 50.9 hours Start 2024.03.24 @ 06:10:44 End 2024.03.24 @ 06:21:41 Sessions 1 Manual Loads 0 Difficulty Rogue Special Mode None Game No. 42 Rogue 40 Adventurer 0 Explorer 2 Win Type - Total 0 Types 0/0/0/0/0/0/0/0/0 Lore% 16 Gallery% 30 Achievement% 20 Wizard Run 0 Options --------- Layout 1 ASCII 0 Keyboard 0 Movement Mouse Keybinds 0 Fullscreen 2 Font 48/Tamsyn Map View 50x35 Zoom Use 0% Tactical HUD 1 Map Filters NONE Filters NONE Steam 1 RUN: 6c59367e-9299-4b7c-998c-6476b53671ac